 Dungeon Crawl Stone Soup version 0.30-a0-629-gd54f4be4f7 (webtiles) character file.

Game seed: 3596633740096257456

1465 NinjaNoafa the Digger (level 8, -4/41 HPs)
             Began as a Gargoyle Earth Elementalist on Jan 12, 2023.
             Was a Follower of Vehumet.
             Slain by an orc warrior
             ... wielding a +0 long sword
              (12 damage)
             ... on level 6 of the Dungeon.
             The game lasted 00:14:13 (5772 turns).

NinjaNoafa the Digger (Gargoyle Earth Elementalist) Turns: 5772, Time: 00:14:14

Health: -4/41      AC: 10    Str: 18    XL:     8   Next: 77%
Magic:  14/16      EV: 11    Int: 24    God:    Vehumet [*.....]
Gold:   376        SH:  0    Dex: 10    Spells: 12/18 levels left

rFire   + . .      SeeInvis .    g - +2 scythe (venom)
rCold   . . .      Faith    +    (shield currently unavailable)
rNeg    + . .      Spirit   .    l - +1 robe {rF+}
rPois   ∞          Reflect  .    p - +0 helmet
rElec   +          Harm     .    (no cloak)
rCorr   .          Rampage  .    s - +0 pair of gloves
Will    .....                    (no boots)
Stlth   ++                       A - amulet of faith
HPRegen 0.26/turn                e - +6 ring of strength
MPRegen 0.15/turn                C - +6 ring of intelligence

@: weak-willed
A: sickness immunity, AC +5, negative energy resistance 1, electricity
resistance, torment resistance 1, petrification resistance
a: Renounce Religion


You were on level 6 of the Dungeon.
You worshipped Vehumet.
Vehumet was aware of your devotion.
You visited 2 branches of the dungeon, and saw 7 of its levels.

You collected 376 gold pieces.

Inventory:

Hand Weapons
 g - a +2 scythe of venom (weapon)
 k - a +1 short sword of speed
Missiles
 m - 6 poisoned darts
 x - 3 curare-tipped darts
Armour
 l - a +1 robe of fire resistance (worn)
 p - a +0 helmet (worn)
 s - a +0 pair of gloves (worn)
Jewellery
 e - a +6 ring of strength (left hand)
 A - an amulet of faith (around neck)
 C - a +6 ring of intelligence (right hand)
Wands
 w - a wand of paralysis (23)
Scrolls
 a - a scroll of enchant armour {unknown}
 c - 2 scrolls of fear {unknown}
 f - 6 scrolls of identify
 j - 2 scrolls of fog {unknown}
 n - 2 scrolls of poison {unknown}
 r - 3 scrolls of immolation {unknown}
 t - a scroll of noise {unknown}
 u - a scroll of enchant weapon {unknown}
 v - 2 scrolls of vulnerability
 y - 2 scrolls of blinking {unknown}
 B - a scroll of brand weapon {unknown}
Potions
 b - a potion of magic
 d - 3 potions of attraction
 h - 3 potions of degeneration
 i - 2 potions of curing {unknown}
 o - 3 potions of flight
 q - a potion of lignification {unknown}
 z - a potion of resistance {unknown}


   Skills:
 - Level 1.5 Dodging
 - Level 2.1 Stealth
 - Level 5.7 Spellcasting
 - Level 5.0 Conjurations
 + Level 3.4 Translocations
 - Level 3.0 Transmutations
 - Level 6.1 Earth Magic
 - Level 2.0 Evocations


You had 12 spell levels left.
You knew the following spells:

 Your Spells              Type           Power      Damage    Failure   Level
a - Sandblast             Erth           72%        2d16      1%          1
b - Passwall              Tmut/Erth      23%        N/A       1%          2
c - Stone Arrow           Conj/Erth      66%        3d11      2%          3

Your spell library contained the following spells:

 Spells                   Type           Power      Damage    Failure   Level
 Kiss of Death            Conj/Necr      72%        2d10      3%          1
 Apportation              Tloc           46%        N/A       1%          1
 Momentum Strike          Conj/Tloc      54%        3d9       2%          2
 Blink                    Tloc           46%        N/A       3%          2
 Lesser Beckoning         Tloc           46%        N/A       6%          3
 Necrotise                Necr           24%        1d5       9%          1
 Summon Small Mammal      Summ           24%        N/A       9%          1
 Petrify                  Tmut/Erth      28%        N/A       12%         4
 Inner Flame              Hex/Fire       6%         N/A       24%         3
 Flame Wave               Conj/Fire      18%        2d7       28%         4
 Sticky Flame             Conj/Fire      18%        2d4       28%         4


Dungeon Overview and Level Annotations

Branches:
Dungeon (6/15)             Temple (1/1) D:4

Altars:
Ashenzari
Cheibriados
Dithmenos
Fedhas
Gozag
Hepliaklqana
Kikubaaqudgha
Makhleb
Okawaru
Qazlal
Ru
Sif Muna
Trog
Uskayaw
Vehumet
Wu Jian
Xom
Yredelemnul
Zin
The Shining One

Annotations:
D:2 1 runed translucent door, Crazy Yiuf


Innate Abilities, Weirdness & Mutations

You are immune to sickness and miasma.
Your stone body is resilient. (AC +5)
You are immune to poison.
You resist negative energy. (rN+)
You are resistant to electric shocks. (rElec)
You are resistant to unholy torment.
You are immune to petrification.


Message History

The orc warrior is moderately wounded.
The orc warrior hits you with a +0 long sword.
Okay, then.
Magic courses through your body. The ufetubus barely misses you.
The ufetubus hits you.
The orc warrior hits you with a +0 long sword!
Casting: Stone Arrow (dangerous; 2% risk of failure)
Confirm with . or Enter, or press ? or * to list all spells.
Aiming: Stone Arrow (dangerous; 2% risk of failure)
Press: ? - help, Shift-Dir - straight line, f/p - orc warrior
Aim: an orc warrior, wielding a +0 long sword and wearing a +0 chain mail (moderately wounded, 71% to hit)
The stone arrow hits the orc warrior!
The orc warrior is heavily wounded.
The orc shouts!
You hear a shout!
The ufetubus hits you but does no damage. x2
The orc warrior hits you with a +0 long sword.
* * * LOW HITPOINT WARNING * * *
Something hits you.
* * * LOW HITPOINT WARNING * * *
Unknown command.
Something hits you but does no damage.
The ufetubus hits you but does no damage.
The ufetubus hits you.
* * * LOW HITPOINT WARNING * * *
As you read the scroll labelled MIEMAKOENTOU, it crumbles to dust.
Magic quickly surges around you.
It was a scroll of vulnerability.
The ufetubus hits you but does no damage.
The ufetubus closely misses you. The orc warrior closely misses you.
A kobold comes into view. It is wielding a +0 whip.
Something hits you but does no damage.
The ufetubus hits you but does no damage.
The ufetubus closely misses you.
As you read the scroll labelled UTIAFE COALL, it crumbles to dust.
It is a scroll of identify.
o - 3 potions of flight The ufetubus hits you.
* * * LOW HITPOINT WARNING * * *
The ufetubus barely misses you.
The orc warrior hits you with a +0 long sword!
You die...

###...## # #..##
###...## .#..#..#
...#.#.## ..#####.#
†...##..##
.#..#....##############
..#†..##........@o....#
####.###.......5.)....#
#.....##.......o.)....#
....)..#........)o....#
...###.#..............#
#..##.#.#.#.......).....
...###....#......).....#
....#..####.?.....K....#
##....## #............#


You could see an orc warrior (weak-willed), an orc wizard (weak-willed), an orc
(weak-willed), an ufetubus (weak-willed) and a kobold.

Vanquished Creatures
  Grinder (D:4)
  Sigmund (D:4)
  An ice beast (D:5)
  A sky beast (D:6)
  A centaur (D:5)
  2 phantoms (D:4)
  A kobold brigand (D:6)
  A bullfrog (D:4)
  A howler monkey (D:6)
  A jelly (D:4)
  4 hounds
  An orc priest (D:6)
  Jessica (D:2)
  3 iguanas
  2 orc wizards
  7 adders
  2 shadow imps
  3 worms
  15 orcs
  6 endoplasms
  2 giant cockroaches
  12 hobgoblins
  13 jackals
  4 quokkas
  6 ball pythons
  5 bats
  4 frilled lizards
  10 goblins
  11 kobolds
  5 rats
127 creatures vanquished.

Notes
Turn   | Place    | Note
-------+----------+-------------------------------------------
     0 | D:1      | NinjaNoafa the Gargoyle Earth Elementalist began the quest
                  | for the Orb.
     0 | D:1      | Reached XP level 1. HP: 10/10 MP: 3/3
   376 | D:1      | Reached skill level 4 in Earth Magic
   376 | D:1      | Reached XP level 2. HP: 15/15 MP: 3/5
   759 | D:1      | Reached XP level 3. HP: 15/19 MP: 0/7
  1375 | D:2      | Noticed Jessica
  1379 | D:2      | Killed Jessica
  1380 | D:2      | Reached XP level 4. HP: 24/24 MP: 4/8
  1435 | D:2      | Found a runed translucent door.
  1436 | D:2      | Noticed Crazy Yiuf
  1511 | D:2      | Learned a level 2 spell: Passwall
  1887 | D:2      | Reached skill level 1 in Transmutations
  2414 | D:3      | Reached XP level 5. HP: 28/28 MP: 8/10
  2466 | D:3      | Learned a level 3 spell: Stone Arrow
  2667 | D:3      | Reached skill level 5 in Earth Magic
  2720 | D:3      | Reached skill level 1 in Conjurations
  2819 | D:3      | Found a burning altar of Makhleb.
  2821 | D:3      | Noticed a green death
  2825 | D:3      | Noticed a hellwing
  2825 | D:3      | Noticed a smoke demon
  3258 | D:4      | Noticed Grinder
  3406 | D:4      | Noticed Sigmund
  3417 | D:4      | Killed Sigmund
  3418 | D:4      | Reached XP level 6. HP: 24/32 MP: 0/11
  3581 | D:4      | Reached skill level 5 in Conjurations
  3581 | D:4      | Reached XP level 7. HP: 32/36 MP: 7/12
  3891 | D:4      | Found a glowing golden altar of the Shining One.
  3892 | D:4      | Found a shimmering blue altar of Sif Muna.
  4005 | D:4      | Found a bloodstained altar of Trog.
  4145 | D:4      | Found a staircase to the Ecumenical Temple.
  4309 | Temple   | Entered the Ecumenical Temple
  4469 | Temple   | Became a worshipper of Vehumet
  4573 | D:4      | Killed Grinder
  4574 | D:4      | Reached skill level 5 in Spellcasting
  4744 | D:5      | Entered Level 5 of the Dungeon
  4868 | D:5      | Reached XP level 8. HP: 41/41 MP: 12/15
  4956 | D:5      | Reached skill level 1 in Evocations
  5234 | D:5      | Reached skill level 6 in Earth Magic
  5483 | D:6      | Reached skill level 1 in Translocations
  5762 | D:6      | Reached * piety under Vehumet
  5762 | D:6      | Offered knowledge of Kiss of Death by Vehumet.
  5772 | D:6      | Slain by an orc warrior

Illustrated notes

Levels and vault maps discovered:
D:1:      spicycebolla_arrival_ecumenical, layout_loops_corners
D:2:      layout_loops_cross, serial_forest, infiniplex_forest_diagonal,
          infiniplex_forest_pool, infiniplex_forest_lined_2,
          infiniplex_forest_diagonal, uniq_crazy_yiuf_cottage, uniq_jessica
D:3:      layout_basic, makhleb_altar_promises_db
D:4:      layout_basic, lightli_temple_of_fire, jmf_multi_god_temple,
          temple_hall, uniq_sigmund, uniq_grinder
D:5:      layout_gridville
D:6:      hellmonk_destroyed_diamonds, layout_basic,
          nemelex_diamond_rough_becter
Temple:   nicolae_temple_elliptical

Skill      XL: |  1  2  3  4  5  6  7  8 |
---------------+-------------------------+-----
Earth Magic    | 4 5 6 |  6.1
Spellcasting   | 3 5 |  5.7
Transmutations | 1 3 |  3.0
Conjurations   | 4 5 |  5.0
Evocations     | 2 |  2.0
Translocations | 3 |  3.4
Dodging        | |  1.5
Stealth        | |  2.1

Action                   |  1- 3 |  4- 6 |  7- 9 || total
-------------------------+-------+-------+-------++-------
Melee: Unarmed           |     8 |       |       ||     8
       Mace              |    22 |       |       ||    22
       Short sword       |    23 |    27 |       ||    50
       Halberd           |       |     3 |    14 ||    17
 Cast: Sandblast         |    37 |    78 |    73 ||   188
       Passwall          |       |     6 |       ||     6
       Stone Arrow       |       |     4 |    11 ||    15
  Use: Potion            |       |     4 |     1 ||     5
       Scroll            |       |       |     2 ||     2
 Stab: Sleeping          |     1 |       |       ||     1
Armor: Robe              |    22 |    40 |    45 ||   107
Dodge: Dodged            |    45 |    34 |    54 ||   133

Table legend: (Time is in decaauts)
 A = Elapsed time spent in this place.
 B = Non-inter-level travel time spent in this place.
 C = Inter-level travel time spent in this place.
 D = Time resting spent in this place.
 E = Time spent auto-exploring this place.
 F = Levels seen in this place.
 G = Mean time per level.
                   A        B        C        D        E       F      G
               +--------+--------+--------+--------+--------+-----+--------+
         Total |   5886 |   5638 |    248 |     57 |   4592 |   7 |  840.9 |
       Dungeon |   5718 |   5495 |    223 |     57 |   4471 |   6 |  953.0 |
        Temple |    167 |    142 |     25 |      0 |    121 |   1 |  167.0 |
               +--------+--------+--------+--------+--------+-----+--------+

Top non-repeatable levels by time:
     D:4: 1361 daAuts
     D:1: 1247 daAuts
     D:3: 1111 daAuts
     D:2: 946 daAuts
     D:5: 748 daAuts
     D:6: 304 daAuts
  Temple: 167 daAuts
